 Dungeon Crawl Stone Soup version 0.17.1-2-g5865329 (webtiles) character file.

14 ololoev the Skirmisher (level 2, 0/24 HPs)
             Began as a Demonspawn Fighter on Jan 19, 2016.
             Slain by a white imp (1 damage)
             ... summoned by Natasha
             ... on level 3 of the Dungeon.
             The game lasted 00:01:18 (179 turns).

ololoev the Skirmisher (Demonspawn Fighter)          Turns: 179, Time: 00:01:19

Health: 0/24       AC:  7    Str: 21    XL:     2   Next: 27%
Magic:  2/2        EV:  7    Int:  9    God:
Gold:   7          SH:  9    Dex: 12    Spells: 0 memorised, 1 level left

rFire  + . .     SeeInvis .     a - +0 war axe
rCold  + . .     Clarity  .     b - +0 scale mail
rNeg   . . .     SustAt   .     c - +0 shield
rPois  +         Gourm    .     g - +0 helmet
rElec  +         Spirit   .     (no cloak)
rCorr  +         Warding  .     (no gloves)
rMut   .         Stasis   .     (no boots)
MR     .....                    (no amulet)
Stlth  +.........               (no ring)
                                (no ring)

@: mighty, resistant, not resistant to hostile enchantments, very unstealthy
A: nightstalker 1
a: no special abilities


Innate Abilities, Weirdness & Mutations

You are slightly more attuned to the shadows.

Inventory:

Hand Weapons
 a - a +0 war axe (weapon)
Armour
 b - a +0 scale mail (worn)
 c - a +0 shield (worn)
 g - a +0 helmet (worn)
Scrolls
 h - 3 scrolls of identify {unknown}
 k - a scroll of random uselessness {unknown}
Comestibles
 e - a bread ration
 f - 2 meat rations


   Skills:
 - Level 3.0 Fighting
 * Level 2.4 Axes
 + Level 2.9 Armour
 - Level 2.6 Shields


You had one spell level left.
You didn't know any spells.


You were on level 3 of the Dungeon.
You were not hungry.

You visited 1 branch of the dungeon, and saw 3 of its levels.

You collected 7 gold pieces.

##.....########
..##.(...........<
...............########
.........##^...#
#..._...####...#
.........##....#
...............+
#...h5##......#
#.@###.###.# ##..##.#
#.# ##.....# #.#
#.....## #.#
$.............
....##+#####..# ..$.
... ..

Notes
Turn   | Place    | Note
--------------------------------------------------------------
     0 | D:1      | ololoev the Demonspawn Fighter began the quest for the Orb.
     0 | D:1      | Reached XP level 1. HP: 18/18 MP: 1/1
   138 | D:2      | Gained mutation: You are slightly more attuned to the shadows. [demonic ancestry]
   138 | D:2      | Reached XP level 2. HP: 17/24 MP: 2/2
   154 | D:3      | Found a shadowy altar of Dithmenos.
   170 | D:3      | Noticed Natasha
   178 | D:3      | HP: 1/24 [Natasha (3)]
   179 | D:3      | Slain by a white imp

Dungeon Overview and Level Annotations

Branches:
Dungeon (3/15)

Altars:
Dithmenos

Annotations:
D:3 Natasha


Message History

k - a scroll labeled MONOHUEDIU
l - a purple potion
Found 20 gold pieces.
Found 5 gold pieces.
Natasha, Servant of Life and Death comes into view.
Natasha hisses angrily.
Natasha extends her claws.
Natasha casts a spell at you. You resist with significant effort.
Natasha stares at you and mumbles some strange words.
The magic dart hits you!
You see here 10 gold pieces.
You aren't carrying any items that can be evoked.
Drink which item? (? for menu, Esc to quit)
It was a potion of resistance.
You feel protected.
Drink which item? (? for menu, Esc to quit)
It was a potion of magic.
Magic courses through your body.
Drink which item? (? for menu, Esc to quit)
It was a potion of curing.
You feel better.
Natasha mumbles some strange words.
You hit Natasha but do no damage. You block Natasha's attack.
Natasha claws you.
You hit Natasha.
Natasha is heavily wounded.
You hit the white imp.
The white imp is heavily wounded.
You block the white imp's attack. You block Natasha's attack.
You closely miss Natasha.
Natasha is heavily wounded.
You hit the white imp but do no damage.
The white imp is heavily wounded.
The white imp gestures at you. The puff of frost hits you! You resist.
Natasha claws you.
The white imp lashes its tail.
You block the white imp's attack. Natasha claws you.
Drink which item? (? for menu, Esc to quit)
You feel very mighty all of a sudden. The white imp hits you.
You die...

You could see Natasha and a white imp.

Vanquished Creatures
  An adder (D:2)
  2 bats
  2 goblins (D:2)
5 creatures vanquished.

Action                   || total
-------------------------++-------
Melee: War axe           ||    35
  Use: Potion            ||     4

Vault maps used:
D:1:      scummos_arrival_hexagon, minmay_misc_feat_encased
D:2:      grunt_ministairs_14
D:3:      nicolae_dithmenos_shadow_blocks, uniq_natasha
